 Dungeon Crawl Stone Soup version 0.17-a0-1450-g7e755d1 (webtiles) character file.

88 Sirial the Ruffian (level 4, -1/40 HPs)
             Began as a Ghoul Monk on June 30, 2015.
             Was a Follower of Ru.
             Slain by a goblin
             ... wielding a +1 dagger of speed
             ... led by Robin
              (3 damage)
             ... on level 3 of the Dungeon.
             The game lasted 00:10:17 (1846 turns).

Sirial the Ruffian (Ghoul Monk)                     Turns: 1846, Time: 00:10:17

Health: -1/40      AC:  2    Str: 14      XL:     4   Next: 53%
Magic:  3/3        EV: 18    Int:  5      God:    Ru [*.....]
Gold:   201        SH:  0    Dex: 15 (17) Spells: 0 memorised, 3 levels left

rFire  . . .     SeeInvis .       - Unarmed
rCold  + . .     Clarity  .     a - +0 robe
rNeg   + + +     SustAt   .     (no shield)
rPois  ∞         Gourm    .     (no helmet)
rElec  .         Spirit   .     (no cloak)
rCorr  .         Warding  .     (no gloves)
rMut   .         Stasis   .     (no boots)
MR     .....                    (no amulet)
Stlth  +++.......               (no ring)
                                (no ring)

@: agile, rotting, not resistant to hostile enchantments, fairly stealthy
A: rotting body, claws 1, carnivore 3, cold resistance 1, negative energy
resistance 3, slow healing 1, torment resistance, unbreathing, inability to
train armour
a: Renounce Religion


You were on level 3 of the Dungeon.
You worshipped Ru.
Ru was aware of your devotion.
You were not hungry.

You visited 1 branch of the dungeon, and saw 3 of its levels.

You collected 201 gold pieces.

Inventory:

Armour
 a - a +0 robe (worn)
Jewellery
 i - an uncursed amulet of stasis {unknown}
Scrolls
 d - a scroll of identify
 e - a scroll of teleportation
 j - 2 scrolls of magic mapping
 k - a scroll of fear {unknown}
Comestibles
 b - 4 meat rations


   Skills:
 + Level 3.8 Fighting
 + Level 3.4 Dodging
 + Level 2.3 Stealth
 + Level 5.4 Unarmed Combat


You had 3 spell levels left.
You didn't know any spells.

Dungeon Overview and Level Annotations

Branches:
Dungeon (3/15)

Altars:
Fedhas
Nemelex Xobeh
Qazlal
Ru
Sif Muna

Annotations:
D:3 Robin


Innate Abilities, Weirdness & Mutations

Your body is rotting away.
You thrive on raw meat.
You are immune to poison.
You have sharp fingernails.
You are carnivorous and can eat meat at any time.
Your flesh is cold resistant.
You are immune to negative energy.
You heal slowly when monsters are visible.
You are immune to unholy pain and torment.
You can survive without breathing.
You cannot train Armour skill.


Message History

The hobgoblin begins to bleed from its wounds!
The hobgoblin is almost dead.
The goblin misses you.
The goblin hits you with a dagger of speed.
* * * LOW HITPOINT WARNING * * *
The goblin barely misses you.
The hobgoblin is stunned by your will and fails to attack.
You scratch the hobgoblin.
You kill the hobgoblin!
The goblin misses you. The goblin closely misses you.
The goblin barely misses you.
You scratch the hobgoblin.
The hobgoblin begins to bleed from its wounds!
The hobgoblin is heavily wounded.
You redirect Robin's attack!
The goblin closely misses you. The hobgoblin closely misses you.
The goblin completely misses you. The goblin hits you.
* * * LOW HITPOINT WARNING * * *
The goblin hits you with a dagger of speed.
You die...

#.g..... .......
...$.# ....# ...# .
g.# #.. #g# ...g.
#g#......
########@#......
#......ggg......
####............#..
...................
#..>.............###
#................#
###..............[##
##.....#..........##
.......########.###


You could see Robin, 2 hobgoblins and 3 goblins.

Vanquished Creatures
  3 adders
  2 oozes (D:2)
  A worm (D:2)
  2 giant geckos
  An orc (D:3)
  A giant cockroach (D:2)
  13 goblins
  3 hobgoblins
  7 jackals
  2 kobolds
  A quokka (D:3)
  5 bats
  3 rats
44 creatures vanquished.

Notes
Turn   | Place    | Note
--------------------------------------------------------------
     0 | D:1      | Sirial the Ghoul Monk began the quest for the Orb.
     0 | D:1      | Reached XP level 1. HP: 19/19 MP: 0/0
   223 | D:1      | Reached XP level 2. HP: 12/26 MP: 1/1
   949 | D:2      | Found a sacrificial altar of Ru.
   997 | D:2      | Became a worshipper of Ru the Awakened
  1085 | D:2      | Found a stormy altar of Qazlal.
  1086 | D:2      | Found a deep blue altar of Sif Muna.
  1088 | D:2      | Reached skill level 5 in Unarmed Combat
  1098 | D:2      | Found a blossoming altar of Fedhas.
  1101 | D:2      | Found a sparkling altar of Nemelex Xobeh.
  1105 | D:2      | Reached XP level 3. HP: 28/31 MP: 2/2
  1246 | D:2      | Gained mutation: You cannot train Armour skill. [Ru sacrifice]
  1246 | D:2      | Acquired Ru's first power
  1482 | D:2      | Found a faded altar to an unknown god.
  1570 | D:2      | Reached XP level 4. HP: 38/38 MP: 3/3
  1817 | D:3      | Noticed Robin
  1846 | D:3      | HP: 2/40 [goblin[Robin] (2)]
  1846 | D:3      | Slain by a goblin

Vault maps used:
D:1:      dpeg_arrival_chambers_temple_mockup
D:2:      grunt_temple_overflow_open, nemelex_xobeh_ov_fountains_minmay,
          nicolae_ru_awakened_eye, ecumenical_altar_1, first_bread
D:3:      kennysheep_big_flooded_room, lemuel_doored_altar, uniq_robin

Action                   |  1- 3 |  4- 6 || total
-------------------------+-------+-------++-------
Melee: Unarmed           |    90 |    49 ||   139
Invok: Sacrifice Durabil |     1 |       ||     1
  Use: Potion            |     6 |     4 ||    10
       Scroll            |     6 |       ||     6
 Stab: Sleeping          |     1 |       ||     1
  Eat: Chunk             |    18 |    10 ||    28
